 Dungeon Crawl Stone Soup version 0.21-a0-442-g848f44b (webtiles) character file.

151 KristoblXynda the Slasher (level 5, -1/41 HPs)
             Began as a Draconian Skald on Nov 12, 2017.
             Was an Initiate of Ashenzari.
             Slain by a worker ant (2 damage)
             ... on level 3 of the Dungeon.
             The game lasted 00:06:33 (2948 turns).

KristoblXynda the Slasher (Draconian Skald)         Turns: 2948, Time: 00:06:33

Health: -1/41      AC:  5    Str: 11    XL:     5   Next: 10%
Magic:  4/8        EV: 12    Int: 22    God:    Ashenzari [......]
Gold:   86         SH:  0    Dex: 10    Spells: 4/8 levels left

rFire    . . .     SeeInvis .   a - +0 falchion
rCold    . . .     Gourm    .   (no shield)
rNeg     . . .     Faith    .   (armour unavailable)
rPois    .         Spirit   .   (helmet restricted)
rElec    .         Reflect  .   (no cloak)
rCorr    .         Harm     .   (no gloves)
MR       .....                  (no boots)
Stlth    +.........             (no amulet)
HPRegen  1.13/turn              (no ring)
MPRegen  0.11/turn              (no ring)

@: brilliant, lethally poisoned (-1 -> -2), regenerating
A: unfitting armour, horns 1, clever 1, weak 1, cold-blooded, AC +5
a: Curse Item, Renounce Religion


You were on level 3 of the Dungeon.
You worshipped Ashenzari.
Ashenzari was noncommittal.
You were not hungry.

You visited 1 branch of the dungeon, and saw 3 of its levels.

You collected 86 gold pieces.

Inventory:

Hand Weapons
 a - a +0 falchion (weapon)
Scrolls
 e - 5 scrolls of remove curse
Potions
 f - a potion of brilliance
Books
 b - a book of Battle

   Spells                             Type                      Level
   a - Infusion                       Charms                       1
   b - Shroud of Golubria             Charms/Translocation         2
   c - Song of Slaying                Charms                       2
   d - Spectral Weapon                Hexes/Charms                 3
   e - Regeneration                   Charms/Necromancy            3
Comestibles
 c - 2 bread rations
 d - 2 meat rations


   Skills:
 - Level 2.1 Fighting
 * Level 4.0 Long Blades
 + Level 3.0 Dodging
 - Level 2.0 Spellcasting
 + Level 3.5 Charms


You had 4 spell levels left.
You knew the following spells:

 Your Spells              Type           Power        Failure   Level  Hunger
a - Infusion              Chrm           ####         1%          1    #......
b - Regeneration          Chrm/Necr      ###.......   2%          3    ###....


Dungeon Overview and Level Annotations

Branches:
Dungeon (3/15)

Altars:
Ashenzari
Kikubaaqudgha
Makhleb
Okawaru
Trog
Xom


Innate Abilities, Weirdness & Mutations

Your plain brown scales are hard. (AC +5)
You cannot fit into any form of body armour.
You are cold-blooded and may be slowed by cold attacks.
You have a pair of small horns on your head.
Your mind is acute. (Int +2)
You are weak. (Str -2)


Message History

* * * LOW HITPOINT WARNING * * *
The worker ant bites you.
* * * LOW HITPOINT WARNING * * *
Unknown command.
You barely miss the kobold. You headbutt the kobold.
You kill the kobold!
You feel sick. The worker ant bites you.
* * * LOW HITPOINT WARNING * * *
You are lethally poisoned!
The worker ant poisons you!
* * * LOW HITPOINT WARNING * * *
You feel sick.
Things that are here:
an adder corpse x2
Unknown command.
* * * LOW HITPOINT WARNING * * *
You feel sick.
* * * LOW HITPOINT WARNING * * *
You feel sick. The worker ant bites you.
You die...

#.#[..<....$ #.
......... #. .........
...###### #.##.?......
#......# #..#........
#@## #..........
#####.a#####..........
........b....<.........
........#####..?.......
......#.# #..........
......#.# #..........
......#.# #..#.......
......#.# #..).......
..... #.# #.##.......


You could see a worker ant and a bat.

Vanquished Creatures
  Jessica (D:2)
  7 adders
  2 oozes
  4 worms (D:2)
  2 dart slugs (D:2)
  2 leopard geckos
  3 bats
  A giant cockroach (D:1)
  4 goblins
  5 hobgoblins
  3 frilled lizards
  3 kobolds
  7 rats
44 creatures vanquished.

Notes
Turn   | Place    | Note
-------+----------+-------------------------------------------
     0 | D:1      | KristoblXynda the Draconian Skald began the quest for the Orb.
     0 | D:1      | Reached XP level 1. HP: 17/17 MP: 3/3
   376 | D:1      | Reached XP level 2. HP: 24/24 MP: 5/5
   879 | D:2      | Reached XP level 3. HP: 29/29 MP: 6/6
   947 | D:2      | Reached skill level 3 in Long Blades
  1342 | D:2      | Found an iron altar of Okawaru.
  1391 | D:2      | Reached XP level 4. HP: 16/36 MP: 7/7
  1586 | D:2      | Noticed Jessica
  1593 | D:2      | Killed Jessica
  1601 | D:2      | Learned a level 3 spell: Regeneration
  1606 | D:2      | Found a burning altar of Makhleb.
  1606 | D:2      | Noticed a cacodemon
  1609 | D:2      | Noticed a smoke demon
  1609 | D:2      | Noticed a ynoxinul
  1642 | D:2      | Found an ancient bone altar of Kikubaaqudgha.
  2081 | D:2      | Found a shimmering altar of Xom.
  2086 | D:2      | Found a shattered altar of Ashenzari.
  2092 | D:2      | Found a bloodstained altar of Trog.
  2097 | D:2      | Became a worshipper of Ashenzari the Shackled
  2917 | D:3      | Gained mutation: You are weak. (Str -2) [potion of mutation]
  2917 | D:3      | Gained mutation: You have a pair of small horns on your head. [potion of mutation]
  2917 | D:3      | Gained mutation: Your mind is acute. (Int +2) [potion of mutation]
  2942 | D:3      | Reached skill level 4 in Long Blades
  2942 | D:3      | Reached XP level 5. HP: 11/41 MP: 3/8
  2945 | D:3      | HP: 2/41 [worker ant (3)]
  2948 | D:3      | Slain by a worker ant

Vault maps used:
D:1:      lightli_arrival_chessboard
D:2:      okawaru_trees_2, lemuel_round_altar, minmay_overflow_temple_star_quad,
          columned_hall_lemuel, grunt_decor_fettered, makhleb_altar_promises_db,
          uniq_jessica
D:3:      lemuel_doored_altar, uniq_ijyb

Skill      XL: |  1  2  3  4 |
---------------+-------------+-----
Charms         | 3 |  3.5
Long Blades    | 3 4 |  4.0
Dodging        | 3 |  3.0
Fighting       | |  2.1
Spellcasting   | |  2.0

Action                   |  1- 3 |  4- 6 || total
-------------------------+-------+-------++-------
Melee: Falchion          |    97 |    77 ||   174
       Tailslap          |    12 |    10 ||    22
       Headbutt          |       |     4 ||     4
 Cast: Regeneration      |       |     4 ||     4
  Use: Potion            |     1 |     2 ||     3
       Scroll            |       |     1 ||     1
 Stab: Sleeping          |     3 |       ||     3
  Eat: Chunk             |     1 |     6 ||     7
Armor: Skin              |    29 |    30 ||    59
Dodge: Dodged            |    56 |    78 ||   134
       Rpst.: Falchion   |    16 |    26 ||    42

Table legend:
 A = Spawn XP
 B = Non-spawn XP
 C = Spawn XP percentage of total XP
 D = Spawn monster count
 E = Non-spawn monster count
 F = Spawn count percentage of total count
 G = Total turns spent on level
                    A         B        C        D         E        F      G
               +---------+---------+-------+---------+---------+-------+---------
         Total |       0 |     216 |   0.0 |       0 |      44 |   0.0 |  2948
               +---------+---------+-------+---------+---------+-------+---------
           D:1 |       0 |      25 |   0.0 |       0 |      14 |   0.0 |   744
           D:2 |       0 |     147 |   0.0 |       0 |      25 |   0.0 |  2154
           D:3 |       0 |      44 |   0.0 |       0 |       5 |   0.0 |    50
               +---------+---------+-------+---------+---------+-------+---------
